 Dungeon Crawl Stone Soup version 0.22-a0-355-g201945f (webtiles) character file.

63 JeffiDaFish the Digger (level 4, 0/24 HPs)
             Began as a Gargoyle Earth Elementalist on Apr 18, 2018.
             Slain by Crazy Yiuf
             ... wielding a +4 quarterstaff of chaos
              (6 damage)
             ... on level 2 of the Dungeon.
             The game lasted 00:03:37 (2103 turns).

JeffiDaFish the Digger (GrEE)                       Turns: 2103, Time: 00:03:39

Health: 0/24       AC:  6    Str: 12    XL:     4   Next: 9%
Magic:  6/8        EV: 12    Int: 13    God:
Gold:   55         SH:  0    Dex: 10    Spells: 5/9 levels left

rFire    . . .     SeeInvis .   k - +2 mace (crush)
rCold    . . .     Gourm    .   (no shield)
rNeg     + . .     Faith    .   c - +0 robe
rPois    ∞         Spirit   .   (no helmet)
rElec    +         Reflect  .   (no cloak)
rCorr    .         Harm     .   h - +0 pair of gloves
MR       .....                  (no boots)
Stlth    ++........             f - amulet of regeneration
HPRegen  0.48/turn              a - -3 ring of intelligence (curse)
MPRegen  0.11/turn              (no ring)

@: no status effects
A: negative energy resistance 1, electricity resistance, unbreathing,
petrification resistance, rot immunity, AC +3
a: no special abilities


You were on level 2 of the Dungeon.
You were very hungry.

You visited 1 branch of the dungeon, and saw 2 of its levels.

You collected 55 gold pieces.

Inventory:

Hand Weapons
 e - a +0 short sword
 k - a +2 mace of crushing (weapon)
Missiles
 b - 30 stones (quivered)
Armour
 c - a +0 robe (worn)
 h - a +0 pair of gloves (worn)
Jewellery
 a - a cursed -3 ring of intelligence (left hand)
 f - an amulet of regeneration (around neck)
Scrolls
 j - 2 scrolls of magic mapping
Potions
 g - a potion of heal wounds
 i - a potion of curing
Comestibles
 d - 2 rations


   Skills:
 - Level 1.5 Dodging
 - Level 2.1 Stealth
 + Level 3.1 Spellcasting
   Level 0.7 Transmutations
 + Level 4.9 Earth Magic


You had 5 spell levels left.
You knew the following spells:

 Your Spells              Type           Power        Failure   Level  Hunger
a - Sandblast             Erth           ##....       3%          1    #......
b - Stone Arrow           Conj/Erth      #.....       26%         3    ###....


Dungeon Overview and Level Annotations

Branches:
Dungeon (2/15)

Altars:
Dithmenos
Makhleb

Annotations:
D:2 Crazy Yiuf


Innate Abilities, Weirdness & Mutations

You are resistant to torment.
Your stone body is resilient. (AC +3)
You are immune to poison.
You resist negative energy. (rN+)
You are resistant to electric shocks. (rElec)
You can survive without breathing.
You are immune to petrification.
You are immune to rotting.


Message History

Casting: Sandblast (safe; 3% risk of failure)
Confirm with . or Enter, or press ? or * to list all spells.
Aiming: Sandblast (safe; 3% risk of failure)
Press: ? - help, Shift-Dir - straight line, f - Crazy Yiuf
Aim: Crazy Yiuf, wielding a quarterstaff of chaos and wearing a cloak (heavily wounded)
The blast of sand misses Crazy Yiuf.
b - 31 stones Crazy Yiuf barely misses you.
Casting: Sandblast (safe; 3% risk of failure)
Confirm with . or Enter, or press ? or * to list all spells.
Aiming: Sandblast (safe; 3% risk of failure)
Press: ? - help, Shift-Dir - straight line, f/p - Crazy Yiuf
Aim: Crazy Yiuf, wielding a quarterstaff of chaos and wearing a cloak (heavily wounded)
The blast of sand hits Crazy Yiuf.
Crazy Yiuf is severely wounded.
b - 30 stones Crazy Yiuf hits you with a quarterstaff of chaos.
* * * LOW HITPOINT WARNING * * *
Space bends around you.
You die...

#.#
###########
#.# #.#
##.#####
#####
#......#
#).)#
#......#
#)))#
#......# )))
#......# #g#
#......#
#@##
#......#
##)#
#####.#'###
#.##
##.....#.#
##)#
.......#.#
##)##
##.....#.###
##.P)#
##.....#...#
#P.PP#
##.....#####
#....#
########
#####..##


You could see Crazy Yiuf.

Vanquished Creatures
  An adder (D:2)
  A worm (D:2)
  A dart slug (D:1)
  2 leopard geckos (D:1)
  4 bats
  4 giant cockroaches
  7 goblins
  6 hobgoblins
  4 jackals (D:1)
  2 frilled lizards (D:1)
  7 kobolds
  4 rats
  A fungus (D:2)
44 creatures vanquished.

Notes
Turn   | Place    | Note
-------+----------+-------------------------------------------
     0 | D:1      | JeffiDaFish the Gargoyle Earth Elementalist began the quest for the Orb.
     0 | D:1      | Reached XP level 1. HP: 10/10 MP: 3/3
   156 | D:1      | Reached skill level 4 in Earth Magic
   156 | D:1      | Reached XP level 2. HP: 15/15 MP: 3/5
   634 | D:1      | Reached XP level 3. HP: 10/19 MP: 6/6
  1369 | D:2      | Found a burning altar of Makhleb.
  1517 | D:2      | Found a shadowy altar of Dithmenos.
  1584 | D:2      | Reached XP level 4. HP: 19/24 MP: 6/8
  1703 | D:2      | Learned a level 3 spell: Stone Arrow
  2090 | D:2      | Found a runed door.
  2096 | D:2      | Noticed Crazy Yiuf
  2103 | D:2      | Slain by Crazy Yiuf

Vault maps used:
D:1:      erik_arrival_cave_to_civilisation, glass_columns_a
D:2:      bloody_makhleb, nicolae_dithmenos_shadow_blocks,
          uniq_crazy_yiuf_cottage

Skill      XL: |  1  2  3 |
---------------+----------+-----
Earth Magic    | 4 |  4.9
Spellcasting   | 3 |  3.1
Dodging        | |  1.5
Stealth        | |  2.1
Transmutations | |  0.7

Action                   |  1- 3 |  4- 6 || total
-------------------------+-------+-------++-------
Melee: Unarmed           |    10 |       ||    10
       Short sword       |    90 |    27 ||   117
       Mace              |       |     5 ||     5
 Cast: Sandblast         |    24 |     3 ||    27
  Use: Scroll            |     5 |     2 ||     7
       Potion            |     1 |     3 ||     4
 Stab: Sleeping          |     6 |       ||     6
  Eat: Chunk             |     2 |     1 ||     3
Armor: Robe              |    41 |     3 ||    44
Dodge: Dodged            |    63 |    15 ||    78

Table legend:
 A = Spawn XP
 B = Non-spawn XP
 C = Spawn XP percentage of total XP
 D = Spawn monster count
 E = Non-spawn monster count
 F = Spawn count percentage of total count
 G = Total turns spent on level
                    A         B        C        D         E        F      G
               +---------+---------+-------+---------+---------+-------+---------
         Total |       0 |      90 |   0.0 |       0 |      43 |   0.0 |  2103
               +---------+---------+-------+---------+---------+-------+---------
           D:1 |       0 |      55 |   0.0 |       0 |      29 |   0.0 |  1320
           D:2 |       0 |      35 |   0.0 |       0 |      14 |   0.0 |   783
               +---------+---------+-------+---------+---------+-------+---------
